 Dungeon Crawl Stone Soup version 0.22-b1-26-g9dbaab1 (webtiles) character file.

0 Goblin1989 the Charlatan (level 1, 0/9 HPs)
             Began as a Spriggan Artificer on Aug 8, 2018.
             Slain by a goblin
             ... wielding a +0 club
              (5 damage)
             ... on level 1 of the Dungeon.
             The game lasted 00:01:13 (261 turns).

Goblin1989 the Charlatan (Spriggan Artificer)        Turns: 261, Time: 00:01:14

Health: 0/9        AC:  2    Str:  8    XL:     1   Next: 8%
Magic:  4/4        EV: 18    Int: 12    God:
Gold:   19         SH:  0    Dex: 16    Spells: 0/0 levels left

rFire    . . .     SeeInvis +   a - +0 short sword
rCold    . . .     Gourm    .   (shield restricted)
rNeg     . . .     Faith    .   b - +0 robe
rPois    .         Spirit   .   (helmet restricted)
rElec    .         Reflect  .   (no cloak)
rCorr    .         Harm     .   (gloves unavailable)
MR       .....                  (boots unavailable)
Stlth    ++........             (no amulet)
HPRegen  0.03/turn              (no ring)
MPRegen  0.09/turn              (no ring)

@: very quick
A: very small, unfitting armour, see invisible, herbivore, speed 3, slow
metabolism 2
a: no special abilities


You were on level 1 of the Dungeon.
You were not hungry.

You visited 1 branch of the dungeon, and saw 1 of its levels.

You collected 19 gold pieces.

Inventory:

Hand Weapons
 a - a +0 short sword (weapon)
 h - a +0 hunting sling
 k - a cursed -2 hunting sling
Missiles
 i - 66 stones (quivered) {@Q3}
Armour
 b - a +0 robe (worn)
Wands
 c - a wand of flame (15) {@v6}
 d - a wand of enslavement (15)
 f - a wand of random effects (15)
Scrolls
 j - a scroll of teleportation {unknown}
Potions
 g - 3 potions of cancellation {unknown}
Comestibles
 e - 3 rations


   Skills:
 - Level 0.7 Fighting
 + Level 1.1 Short Blades
 - Level 3.0 Dodging
 + Level 1.6 Stealth
 - Level 4.0 Evocations


You couldn't memorise any spells.
You didn't know any spells.
Your spell library was empty.

Dungeon Overview and Level Annotations

Branches:
Dungeon (1/15)

Altars:


Innate Abilities, Weirdness & Mutations

You are very small and have problems with some larger weapons.
You are too small for most types of armour.
You have supernaturally acute eyesight. (SInv)
You are a herbivore.
You cover ground extremely quickly.
You need to consume almost no food.


Message History

e - a ration;
f - a wand of random effects (15)
You become a ragged hierophant!
Welcome, Goblin1989 the Spriggan Artificer.
Will you prevail where others failed? Will you find the Orb of Zot?
Press ? for a list of commands and other information.
Found an escape hatch in the floor.
Found a staircase leading out of the dungeon.
You enter the shallow water.
Moving in this stuff is going to be slow.
e - 2 rations (gained 1)
You see here a hunting sling.
You enter the shallow water.
Moving in this stuff is going to be slow.
g - 2 golden potions You now have 6 gold pieces.
Found a stone staircase leading down.
You enter the shallow water.
Moving in this stuff is going to be slow.
You see here a hunting sling.
h - a hunting sling You enter the shallow water.
Moving in this stuff is going to be slow.
e - 3 rations (gained 1)
A rat comes into view.
The rat twitches its whiskers.
You see here 19 stones {@Q3}.
i - 19 stones {@Q3} The rat bites you but does no damage.
You hit the rat but do no damage. The rat misses you.
You hit the rat.
The rat is severely wounded.
The rat barely misses you.
You hit the rat.
You kill the rat!
No target in view!
g - 3 golden potions (gained 1)
Found a stone staircase leading down.
i - 47 stones {@Q3} (gained 28)
You now have 19 gold pieces (gained 13).
You see here a dagger.
j - a scroll labeled OJA MIDILUTWA You see here a chain mail.
You see here a glowing hunting sling.
k - a glowing hunting sling You see here a dagger.
i - 66 stones {@Q3} (gained 19)
Found a stone staircase leading down.
There is a stone staircase leading down here.
A goblin comes into view. It is wielding a club.
A kobold comes into view.
The goblin shouts!
The kobold shouts!
The kobold throws a stone.
The stone barely misses you.
You see here a stone.
You closely miss the goblin. The goblin misses you.
You miss the goblin. The goblin hits you with a club.
Ouch! That really hurt!
* * * LOW HITPOINT WARNING * * *
You take 5 damage, and have 4/9 hp.
MASSIVE DAMAGE!!
You are too injured to fight recklessly!
You are too injured to fight recklessly!
You see here a stone.
You hit the goblin.
The goblin is moderately wounded.
The goblin hits you with a club.
Ouch! That really hurt!
You die...

. █ █.█..█
█████.███.█ .
█.██.███...█.....█
█. █..██.█.███████
█ █.███.██.█.█
...█.█..██..█.█.█
..............█.█
███K███.███.█
█.g██.███.█
██(█@>....█
█.g.████.█


█████ █.█ █.█ ███ You could see a goblin.

Vanquished Creatures
  A rat (D:1)
1 creature vanquished.

Notes
Turn   | Place    | Note
-------+----------+-------------------------------------------
     0 | D:1      | Goblin1989 the Spriggan Artificer began the quest for the Orb.
     0 | D:1      | Reached XP level 1. HP: 9/9 MP: 4/4
   261 | D:1      | Slain by a goblin

Action                   || total
-------------------------++-------
Melee: Short sword       ||     6
Armor: Robe              ||     1
Dodge: Dodged            ||     4

Vault maps used:
D:1:      ebering_trefoil_twist, minivault_14
